 Dungeon Crawl Stone Soup version 0.28-a0-1632-g283549b12f (webtiles) character file.

Game seed: 2302794096558993198

3714 Conn the Sneak (level 10, -12/63 HPs)
             Began as an Octopode Fire Elementalist on Jan 25, 2022.
             Killed from afar by an acid dragon (24 damage)
             ... with a splash of acid
             ... on level 9 of the Dungeon.
             The game lasted 00:20:29 (9263 turns).

Conn the Sneak (Octopode Fire Elementalist)         Turns: 9263, Time: 00:20:30

Health: -12/63     AC:  1    Str:  7    XL:     10   Next: 14%
Magic:  14/20      EV: 14    Int: 23    God:
Gold:   349        SH:  0    Dex: 12    Spells: 15/22 levels left

rFire   + . .      SeeInvis .   e - +0 short sword (protect)
rCold   . . .      Faith    .   (no shield)
rNeg    . . .      Spirit   .   (helmet restricted)
rPois   .          Reflect  .   (no amulet)
rElec   .          Harm     .   g - ring of protection from fire
rCorr   .          Rampage  .   (no ring)
Will    .....                   (no ring)
Stlth   ++++......              (no ring)
HPRegen 0.20/turn               (no ring)
MPRegen 0.17/turn               (no ring)
                                (no ring)
                                (no ring)

@: no status effects
A: almost no armour, amphibious, 8 rings, camouflage 1, gelatinous body 1,
(nimble swimmer 1), tentacles, mutation resistance 1
a: no special abilities


You were on level 9 of the Dungeon.
You visited 1 branch of the dungeon, and saw 10 of its levels.

You collected 349 gold pieces.

Inventory:

Hand Weapons
 e - a +0 short sword of protection (weapon)
Missiles
 m - 9 poisoned darts (quivered)
Jewellery
 g - a ring of protection from fire (left tentacle)
Wands
 n - a wand of flame (23)
 r - a wand of polymorph (8)
Scrolls
 a - 5 scrolls of teleportation {unknown}
 b - a scroll of blinking
 i - 4 scrolls of identify {unknown}
 k - a scroll of torment {unknown}
 o - a scroll of amnesia {unknown}
 p - a scroll of immolation {unknown}
 t - a scroll of enchant weapon {unknown}
Potions
 d - a potion of lignification
 v - a potion of curing {unknown}


   Skills:
 + Level 3.1 Fighting
 + Level 4.1 Short Blades
 + Level 1.3 Throwing
 + Level 4.4 Dodging
 + Level 7.1 Stealth
 + Level 6.7 Spellcasting
 + Level 6.1 Conjurations
 + Level 1.3 Hexes
 + Level 6.9 Fire Magic
 + Level 0.6 Evocations


You had 15 spell levels left.
You knew the following spells:

 Your Spells              Type           Power      Damage    Failure   Level
a - Foxfire               Conj/Fire      100%       2x1d9     1%          1
b - Conjure Flame         Conj/Fire      38%        6-21      1%          3
c - Inner Flame           Hex/Fire       27%        N/A       4%          3

Your spell library contained the following spells:

 Spells                   Type           Power      Damage    Failure   Level
 Scorch                   Fire           78%        2d8       1%          2
 Slow                     Hex            56%        N/A       4%          1
 Flame Wave               Conj/Fire      38%        2d9       5%          4
 Confusing Touch          Hex            14%        N/A       13%         3
 Vampiric Draining        Necr           7%         2d6       24%         3
 Yara's Violent Unravell  Hex/Tmut       5%         3d4       86%         5
 Enfeeble                 Hex            7%         N/A       100%        7


Dungeon Overview and Level Annotations

Branches:
Dungeon (10/15)              Lair (0/6) D:8
 Temple: D:4-7          Orc: D:9-12

Altars:
Gozag
Makhleb
Zin

Annotations:
D:2 Terence
D:7 Dowan, Duvessa


Innate Abilities, Weirdness & Mutations

You cannot wear most types of armour.
You are amphibious.
You can wear up to eight rings at the same time.
Your skin changes colour to match your surroundings (Stealth+).
Your rubbery body absorbs attacks. (AC +1, EV +1)
((You are camouflaged when in or above water. (Stealth+)))
You have tentacles for arms and can constrict up to eight enemies at once.
You are somewhat resistant to further mutation.


Message History

Flame seeps out of the orc warrior.
The centaur moves out of view.
Unknown command.
Casting: Inner Flame (dangerous; 4% risk of failure)
Confirm with . or Enter, or press ? or * to list all spells.
You conjure some foxfire!
The orc warrior hits you with a +0 mace!
* * * LOW HITPOINT WARNING * * *
An orc comes into view. It is wielding a +0 club.
Unknown command.
The foxfire hits the orc warrior but does no damage.
The orc warrior is almost dead.
The foxfire hits the orc warrior but does no damage.
The orc warrior is almost dead.
Unknown command.
Really quaff the potion of lignification?
Okay, then.
Unknown command.
Unknown command.
Unknown command.
Okay, then.
Unknown command.
Unknown command.
Unknown command.
Unknown command.
Blink to where?
Press: ? - help, Dir - move target, p - orc warrior An orc wizard comes into view.
It is wielding a +0 dagger.
As you read the scroll labelled KAOFIH YNUXEOG, it crumbles to dust.
It was a scroll of blinking.
You slide downwards.
The hatch slams shut behind you.
Found a buckler.
Found a stone staircase leading up and two stone staircases leading down.
There is a stone staircase leading up here.
You climb upwards.
You hear the roar of battle.
There is an entrance to a bailey on this level.
Hurry and find it before the portal closes forever!
The acid dragon roars!
The acid dragon spits acid at you. The splash of acid hits you!!
You die...

##### ##≈≈≈##
#.#.##≈...≈##
#...#D.@...?+
#...#...o>..+
#...#..>....+
#.####≈...≈##
# ##≈≈≈##
#####


You could see an orc warrior (wandering) and an acid dragon (catching breath).

Vanquished Creatures
  2 death yaks (D:8)
  A troll (D:6)
  Grum (D:8)
  A water moccasin (D:7)
  2 ice beasts
  3 sky beasts
  A necrophage (D:6)
  2 ogres (D:5)
  2 wolves (D:8)
  3 centaurs
  2 scorpions
  A water moccasin zombie (D:6)
  A bullfrog zombie (D:5)
  A centaur zombie (D:5)
  2 orc priests
  Crazy Yiuf (D:2)
  A bullfrog skeleton (D:5)
  A hound (D:5)
  3 jellies
  Jessica (D:2)
  A centaur skeleton (D:5)
  4 iguanas
  6 orc wizards
  Robin (D:3)
  3 gnolls (D:6)
  A howler monkey zombie (D:6)
  4 adders
  A white imp (D:4)
  2 worms
  A dart slug (D:4)
  16 orcs
  14 endoplasms
  5 giant cockroaches
  16 goblins
  12 hobgoblins
  4 jackals (D:1)
  15 kobolds
  7 quokkas
  5 ball pythons
  5 bats
  6 frilled lizards
  A quokka skeleton (D:4)
  6 rats
168 creatures vanquished.

Vanquished Creatures (collateral kills)
  3 foxfires (D:2)
3 creatures vanquished.

Vanquished Creatures (others)
  531 foxfires
  8 fungi (D:3)
  A plant (D:3)
  7 toadstools (D:3)
547 creatures vanquished.

Grand Total: 718 creatures vanquished

Notes
Turn   | Place    | Note
-------+----------+-------------------------------------------
     0 | D:1      | Conn the Octopode Fire Elementalist began the quest for the
                  | Orb.
     0 | D:1      | Reached XP level 1. HP: 11/11 MP: 3/3
   255 | D:1      | You fall into a shaft and drop 1 floor!
   285 | D:2      | Reached XP level 2. HP: 16/17 MP: 0/5
   774 | D:1      | Reached skill level 3 in Stealth
   921 | D:1      | Reached XP level 3. HP: 18/21 MP: 6/6
  1778 | D:2      | Reached XP level 4. HP: 27/27 MP: 3/7
  1867 | D:2      | Noticed Terence
  1867 | D:2      | Noticed Jessica
  1876 | D:2      | Learned a level 3 spell: Conjure Flame
  1880 | D:2      | Learned a level 3 spell: Inner Flame
  2137 | D:2      | Killed Jessica
  2458 | D:2      | Found a runed translucent door.
  2459 | D:2      | Noticed Crazy Yiuf
  2494 | D:2      | Killed Crazy Yiuf
  2495 | D:2      | Reached XP level 5. HP: 31/31 MP: 0/9
  2799 | D:3      | Reached skill level 1 in Short Blades
  2932 | D:3      | Found a faded altar of an unknown god.
  3208 | D:3      | Noticed Robin
  3212 | D:3      | Killed Robin
  3573 | D:3      | Reached skill level 4 in Stealth
  4067 | D:3      | Found a burning altar of Makhleb.
  4424 | D:4      | Reached XP level 6. HP: 37/37 MP: 10/10
  4896 | D:5      | Entered Level 5 of the Dungeon
  4908 | D:5      | Noticed a sky beast
  5128 | D:5      | Killed a sky beast
  5129 | D:5      | Reached XP level 7. HP: 42/42 MP: 5/12
  5201 | D:5      | Reached skill level 1 in Fighting
  5286 | D:5      | Identified the +2 pair of boots of Duty {rC+ rCorr Int-5
                  | SInv}
  5430 | D:5      | Reached skill level 5 in Stealth
  5634 | D:5      | Reached skill level 1 in Throwing
  5634 | D:5      | Reached XP level 8. HP: 26/48 MP: 10/13
  6299 | D:6      | Noticed a troll
  6966 | D:4      | Found an opulent altar of Gozag.
  6967 | D:4      | Found a glowing silver altar of Zin.
  7239 | D:6      | Reached skill level 5 in Fire Magic
  7389 | D:6      | Reached skill level 6 in Stealth
  7594 | D:6      | Killed a troll
  7595 | D:6      | Reached skill level 5 in Spellcasting
  7595 | D:6      | Reached XP level 9. HP: 36/54 MP: 0/16
  8224 | D:7      | Reached skill level 5 in Conjurations
  8332 | D:7      | Noticed Duvessa
  8338 | D:7      | Noticed Dowan
  8470 | D:8      | Noticed Grum
  8493 | D:8      | Killed Grum
  8728 | D:8      | Gained mutation: You expend magic power (3 MP) to
                  | strengthen your wands. [potion of mutation]
  8728 | D:8      | Gained mutation: You are somewhat resistant to further
                  | mutation. [potion of mutation]
  8728 | D:8      | Lost mutation: You expend magic power (3 MP) to strengthen
                  | your wands. [potion of mutation]
  8898 | D:8      | Noticed a death yak
  8912 | D:8      | Killed a death yak
  8956 | D:8      | Found a staircase to the Lair.
  8956 | D:8      | Noticed a death yak
  8963 | D:8      | Noticed a death yak
  8972 | D:8      | Killed a death yak
  8973 | D:8      | Reached skill level 7 in Stealth
  8973 | D:8      | Reached skill level 1 in Hexes
  8973 | D:8      | Reached XP level 10. HP: 42/63 MP: 9/19
  9260 | D:10     | Entered Level 10 of the Dungeon
  9263 | D:9      | Killed from afar by an acid dragon

Illustrated notes

Levels and vault maps discovered:
D:1:      dpeg_arrival_boxes_within_box, layout_loops_ring,
          ebering_dispersal_statue_hall, minivault_23, minmay_misc_feat_square,
          minivault_25, minmay_misc_feat_room
D:2:      layout_basic, uniq_terence, uniq_crazy_yiuf_cottage, uniq_jessica
D:3:      cheibrodos_fertilizer, layout_loops_corners, bloody_makhleb,
          shapermc_ecumenical_altar_hornbeckon, uniq_robin
D:4:      layout_gridville, grunt_temple_overflow_gold_and_silver,
          minmay_box_of_dots
D:5:      layout_basic
D:6:      layout_basic, grunt_decor_junction
D:7:      layout_basic, minmay_temple_entry_overgrown, uniq_duvessa
D:8:      layout_basic, dpeg_lair_monsters, uniq_grum
D:9:      minmay_the_grid_3x3 [minmay_the_grid_slots,
          minmay_the_grid_small_cups, minmay_the_grid_minigrid_small_alt,
          minmay_the_grid_medium_cups, minmay_the_grid_gridbox,
          minmay_the_grid_doors, minmay_the_grid_tree, minmay_the_grid_spikes,
          minmay_the_grid_prize_diamond_cup], layout_gridville, enter_bailey_2,
          kennysheep_windowed_goal
D:10:     layout_rooms, doesnt_xom_only_xom,
          kennysheep_orc_monster_closet_entryway, gammafunk_ghost_split,
          serial_glass, glass_columns_a, glass_columns_a, serial_shops,
          kennysheep_mini_moat, nicolae_shop_behind_doors, shop, shop,
          nicolae_shop_waterfront

Skill      XL: |  1  2  3  4  5  6  7  8  9 |
---------------+----------------------------+-----
Stealth        | 3 4 5 6 7 |  7.1
Conjurations   | 2 3 4 6 |  6.1
Short Blades   | 1 2 3 4 |  4.1
Fire Magic     | 4 5 6 |  6.9
Spellcasting   | 3 5 6 |  6.7
Fighting       | 1 2 3 |  3.1
Throwing       | 1 |  1.3
Dodging        | 3 4 |  4.4
Hexes          | 1 |  1.3
Evocations     | |  0.6

Action                   |  1- 3 |  4- 6 |  7- 9 | 10-12 || total
-------------------------+-------+-------+-------+-------++-------
Melee: Unarmed           |     4 |       |       |       ||     4
       Constrict         |    13 |    17 |    10 |       ||    40
       Tentacles         |     8 |    19 |    30 |       ||    57
       Short sword       |    37 |    86 |    91 |     2 ||   216
       Punch             |       |     1 |     2 |       ||     3
Throw: Dart              |       |     5 |     3 |       ||     8
 Cast: Foxfire           |    54 |   111 |   126 |    16 ||   307
       Conjure Flame     |       |     4 |     4 |     1 ||     9
       Inner Flame       |       |       |     5 |     1 ||     6
Evoke: Wand              |       |       |     2 |       ||     2
  Use: Scroll            |       |     1 |       |     1 ||     2
       Potion            |       |     2 |     8 |       ||    10
 Stab: Sleeping          |     3 |     6 |     7 |       ||    16
Armor: Skin              |     7 |    44 |    46 |       ||    97
Dodge: Dodged            |    50 |    48 |    65 |     3 ||   166

Table legend: (Time is in decaauts)
 A = Elapsed time spent in this place.
 B = Non-inter-level travel time spent in this place.
 C = Inter-level travel time spent in this place.
 D = Time resting spent in this place.
 E = Time spent auto-exploring this place.
 F = Levels seen in this place.
 G = Mean time per level.
                   A        B        C        D        E       F      G
               +--------+--------+--------+--------+--------+-----+--------+
         Total |   9269 |   9053 |    216 |    374 |   6577 |  10 |  926.9 |
       Dungeon |   9269 |   9053 |    216 |    374 |   6577 |  10 |  926.9 |
               +--------+--------+--------+--------+--------+-----+--------+

Top non-repeatable levels by time:
     D:5: 1729 daAuts
     D:3: 1637 daAuts
     D:2: 1485 daAuts
     D:1: 1303 daAuts
     D:6: 1169 daAuts
     D:4: 900 daAuts
     D:8: 657 daAuts
     D:9: 247 daAuts
     D:7: 137 daAuts
    D:10: 2 daAuts
